 Dungeon Crawl Stone Soup version 0.25.0-11-g1f837a76a1 (webtiles) character file.

Game seed: 16716945566356130947

210 Horrz the Skirmisher (level 5, -1/48 HPs)
             Began as a Minotaur Abyssal Knight on June 22, 2020.
             Was a Priest of Lugonu.
             Killed by divine providence
             ... invoked by an orc priest
              (16 damage)
             ... on level 4 of the Dungeon on June 25, 2020.
             The game lasted 00:15:08 (3911 turns).

Horrz the Skirmisher (Minotaur Abyssal Knight)      Turns: 3911, Time: 00:15:08

Health: -1/48      AC:  7    Str: 17    XL:     5   Next: 56%
Magic:  5/5        EV:  5    Int:  9    God:    Lugonu [***...]
Gold:   182        SH: 13    Dex: 10    Spells: 4/4 levels left

rFire    . . .     SeeInvis .   a - +1 hand axe
rCold    . . .     Gourm    .   f - +0 tower shield
rNeg     . . .     Faith    .   y - +0 scale mail
rPois    .         Spirit   .   (helmet restricted)
rElec    .         Reflect  .   z - scarf {repulsion}
rCorr    .         Harm     .   p - +0 pair of gloves
MR       .....                  (no boots)
Stlth    ..........             (no amulet)
HPRegen  0.16/turn              (no ring)
MPRegen  0.09/turn              (no ring)

@: repel missiles
A: retaliatory headbutt, horns 2
a: Depart the Abyss, Bend Space, Banish, Renounce Religion


You were on level 4 of the Dungeon.
You worshipped Lugonu.
Lugonu was most pleased with you.
You were not hungry.

You visited 1 branch of the dungeon, and saw 4 of its levels.
You visited the Abyss 1 time.
You also visited: Sewer.

You collected 182 gold pieces.

Inventory:

Hand Weapons
 a - a +1 hand axe (weapon)
Armour
 b - a +0 leather armour
 f - a +0 tower shield (worn)
 p - a +0 pair of gloves (worn)
 y - a +0 scale mail (worn)
 z - a scarf of repulsion (worn)
Scrolls
 d - 4 scrolls of teleportation {unknown}
 e - 6 scrolls of identify
 g - a scroll of enchant weapon {unknown}
 h - a scroll of magic mapping {unknown}
 j - a scroll of remove curse {unknown}
 n - a scroll of enchant armour {unknown}
 r - 2 scrolls of blinking {unknown}
 t - a scroll of immolation {unknown}
 w - a scroll of noise {unknown}
Potions
 i - 2 potions of resistance {unknown}
 k - 2 potions of stabbing {unknown}
 l - 2 potions of ambrosia {unknown}
 m - 3 potions of degeneration {unknown}
 o - a potion of lignification {unknown}
 q - a potion of haste {unknown}
 s - a potion of curing {unknown}
 u - 3 potions of brilliance {unknown}
 v - 4 potions of flight {unknown}
 A - a potion of magic {unknown}
Comestibles
 c - 6 rations


   Skills:
 + Level 5.3 Fighting
 + Level 4.6 Axes
 + Level 2.4 Armour
 - Level 1.1 Dodging
 + Level 3.3 Shields
 - Level 1.7 Invocations


You had 4 spell levels left.
You didn't know any spells.
Your spell library was empty.

Dungeon Overview and Level Annotations

Branches:
Dungeon (4/15)              Sewer (visited)
 Temple: D:4-7

Altars:


Innate Abilities, Weirdness & Mutations

You reflexively headbutt those who attack you in melee.
You have a pair of horns on your head.


Message History

The orc is moderately wounded.
You block the orc's attack.
You barely miss the orc. You headbutt the orc.
The orc is severely wounded.
You block the orc's attack.
You hit the orc.
The orc is almost dead.
You block the orc's attack.
You hit the orc.
You kill the orc!
Lugonu accepts your kill.
The orc priest calls down the wrath of Beogh upon you.
Beogh smites you!
Your shield and scale mail prevent you from hitting the orc priest.
The orc priest calls down the wrath of Beogh upon you.
Beogh smites you!
You closely miss the orc priest.
The orc priest mumbles some strange prayers to Beogh against you.
Beogh smites you!
You die...

##...##
#.....#
###...##
#.....#
#.##.##
#. #†# #
#.# #.#
#@# #o#


lo# ...# ..... ...... #....#. #..?. #. You could see an orc priest, an orc and a
frilled lizard.

Vanquished Creatures
  4 gnolls
  6 adders
  An ooze (D:2)
  4 worms
  3 leopard geckos
  5 orcs
  5 giant cockroaches
  11 goblins
  9 hobgoblins
  6 jackals
  4 ball pythons
  10 bats
  10 frilled lizards
  10 kobolds
  7 rats
95 creatures vanquished.

Notes
Turn   | Place    | Note
-------+----------+-------------------------------------------
     0 | Abyss:1  | Horrz the Minotaur Abyssal Knight began the quest for the
                  | Orb.
     0 | Abyss:1  | Reached XP level 1. HP: 19/19 MP: 1/1
    18 | Abyss:1  | Noticed a wretched star
    19 | D:1      | Escaped the Abyss
   225 | D:1      | Reached skill level 4 in Fighting
   259 | D:1      | Reached XP level 2. HP: 27/27 MP: 2/2
   302 | D:1      | Reached * piety under Lugonu
   580 | D:1      | Reached skill level 1 in Shields
   580 | D:1      | Reached XP level 3. HP: 22/33 MP: 3/3
  1636 | D:2      | Reached ** piety under Lugonu
  1636 | D:2      | Reached XP level 4. HP: 41/41 MP: 4/4
  2611 | D:3      | Reached skill level 5 in Fighting
  2692 | D:3      | Found a glowing drain.
  2727 | Sewer    | Entered a sewer
  2730 | Sewer    | Reached XP level 5. HP: 48/48 MP: 5/5
  2787 | Sewer    | Reached *** piety under Lugonu
  3488 | D:3      | Upgraded the game from 0.25.0-10-g039870ee82 to
                  | 0.25.0-11-g1f837a76a1
  3911 | D:4      | Killed from afar by an orc priest

Illustrated notes

Levels and vault maps discovered:
D:1:      lightli_arrival_flooded_house, layout_loops_cross
D:2:      layout_basic
D:3:      layout_basic, cheibrodos_sewer_entry_bend, st_stairs_6,
          minmay_liquid_box, kennysheep_generic_room_16
D:4:      layout_loops_ring, serial_shops,
          nicolae_shop_competitors_out_of_business, shop_fountains, shop,
          shop_statue, nicolae_shop_competitors_out_of_business, uniq_robin

Skill      XL: |  1  2  3  4  5 |
---------------+----------------+-----
Fighting       | 4 5 |  5.3
Axes           | 3 4 |  4.6
Shields        | 1 2 3 |  3.3
Armour         | |  2.4
Dodging        | |  1.1
Invocations    | |  1.7

Action                   |  1- 3 |  4- 6 || total
-------------------------+-------+-------++-------
Melee: Hand axe          |   106 |   190 ||   296
       Headbutt          |    14 |    25 ||    39
Invok: Depart the Abyss  |     1 |       ||     1
  Use: Scroll            |       |     1 ||     1
  Eat: Chunk             |     2 |     8 ||    10
Armor: Leather armour    |    19 |    33 ||    52
       Scale mail        |       |     1 ||     1
Dodge: Dodged            |    28 |    40 ||    68
Block: Tower shield      |    57 |   130 ||   187
